 Dungeon Crawl Stone Soup version 0.26-a0-667-g92642533e4 (webtiles) character file.

Game seed: 18234924263093970629

32 polo the Digger (level 3, 0/23 HPs)
             Began as an Octopode Earth Elementalist on Oct 16, 2020.
             Slain by a jackal (3 damage)
             ... on level 1 of the Dungeon.
             The game lasted 00:01:24 (519 turns).

polo the Digger (Octopode Earth Elementalist)        Turns: 519, Time: 00:01:24

Health: 0/23       AC:  1    Str:  7    XL:     3   Next: 25%
Magic:  6/6        EV: 13    Int: 18    God:
Gold:   18         SH:  0    Dex: 12    Spells: 5/6 levels left

rFire    . . .     SeeInvis .   d - +0 dagger (venom)
rCold    . . .     Faith    .   (no shield)
rNeg     . . .     Spirit   .   (helmet restricted)
rPois    .         Reflect  .   (no amulet)
rElec    .         Harm     .   (no ring)
rCorr    .         Rampage  .   (no ring)
MR       .....                  (no ring)
Stlth    +++.......             (no ring)
HPRegen  0.07/turn              (no ring)
MPRegen  0.10/turn              (no ring)
                                (no ring)
                                (no ring)

@: no status effects
A: almost no armour, stealthy swim, amphibious, 8 rings, constrict 8, camouflage
1, gelatinous body 1
a: no special abilities


You were on level 1 of the Dungeon.
You visited 1 branch of the dungeon, and saw 1 of its levels.

You collected 18 gold pieces.

Inventory:

Hand Weapons
 d - a +0 dagger of venom (weapon)
Missiles
 b - 46 stones (quivered)
Jewellery
 a - an uncursed amulet of faith {unknown}
 e - an uncursed ring of resist corrosion
Scrolls
 g - a scroll of amnesia {unknown}
Potions
 c - a potion of brilliance {unknown}
 f - a potion of flight {unknown}


   Skills:
 + Level 1.1 Fighting
 - Level 2.0 Dodging
 - Level 2.6 Stealth
 + Level 2.3 Spellcasting
   Level 1.0 Transmutations
 * Level 3.7 Earth Magic


You had 5 spell levels left.
You knew the following spells:

 Your Spells              Type           Power        Failure   Level
a - Sandblast             Erth           ###...       3%          1

Your spell library contained the following spells:

 Spells                   Type           Power        Failure   Level
 Passwall                 Tmut/Erth      ##......     10%         2
 Stone Arrow              Conj/Erth      #.....       24%         3
 Petrify                  Tmut/Erth      ##......     54%         4
 Lee's Rapid Deconstruct  Erth           ###.......   71%         5


Dungeon Overview and Level Annotations

Branches:
Dungeon (1/15)

Altars:


Innate Abilities, Weirdness & Mutations

You cannot wear most types of armour.
You are very stealthy in the water. (Stealth+)
You are amphibious.
You can wear up to eight rings at the same time.
You can use your tentacles to constrict eight enemies at once.
Your skin changes colour to match your surroundings (Stealth+).
Your rubbery body absorbs attacks. (AC +1, EV +1)


Message History

You are too injured to fight recklessly!
You are too injured to fight recklessly!
You closely miss the giant cockroach. Your grab misses the giant cockroach.
Your squeeze misses the giant cockroach.
The jackal bites you but does no damage.
The giant cockroach bites you but does no damage.
The goblin hits you with a +0 club.
You hit the giant cockroach but do no damage.
The giant cockroach is poisoned.
Your grab misses the giant cockroach. The jackal bites you.
The giant cockroach bites you. The jackal closely misses you.
The goblin hits you with a +0 club.
* * * LOW HITPOINT WARNING * * *
The giant cockroach closely misses you.
You closely miss the giant cockroach. You grab the giant cockroach.
The giant cockroach is almost dead.
You constrict the giant cockroach, but do no damage.
You kill the giant cockroach!
The jackal closely misses you. The goblin hits you but does no damage.
The jackal barely misses you. The jackal bites you.
You die...

...# ..#.#.#....# #.###
..... ...#.#.#....# #....
....... #.#.#....#######.
.###... ##.#.#.......#
#.. .### ##..#.#...
##'###.# #.....##'#
#......#
#..#..##'###......#
#.#####h.#..............#
#....Kg.@.#†#..)........#
.....g###.#.#............
...... #.#.#............
..... #.#.######.......
.... #!#.# #....... ..
#.#.# #.....[. . #...#
#....... ##. #.......
#####+##


You could see a jackal, a hobgoblin, a goblin and a kobold.

Vanquished Creatures
  An ooze (D:1)
  A dart slug (D:1)
  A leopard gecko (D:1)
  3 giant cockroaches (D:1)
  6 goblins (D:1)
  3 hobgoblins (D:1)
  2 jackals (D:1)
  2 kobolds (D:1)
  A bat (D:1)
  A rat (D:1)
21 creatures vanquished.

Notes
Turn   | Place    | Note
-------+----------+-------------------------------------------
     0 | D:1      | polo the Octopode Earth Elementalist began the quest for
                  | the Orb.
     0 | D:1      | Reached XP level 1. HP: 11/11 MP: 3/3
    38 | D:1      | Reached XP level 2. HP: 1/18 MP: 0/5
   415 | D:1      | Reached skill level 1 in Fighting
   460 | D:1      | Reached XP level 3. HP: 23/23 MP: 6/6
   519 | D:1      | Slain by a jackal

Illustrated notes

Levels and vault maps discovered:
D:1:      dpeg_arrival_arbitrary_b, layout_basic, minmay_vboxes

Skill      XL: |  1  2 |
---------------+-------+-----
Fighting       | 1 |  1.1
Dodging        | |  2.0
Stealth        | |  2.6
Spellcasting   | |  2.3
Transmutations | |  1.0
Earth Magic    | |  3.7

Action                   || total
-------------------------++-------
Melee: Dagger            ||    26
       Constrict         ||    10
       Unarmed           ||     2
       Tentacles         ||     5
 Cast: Sandblast         ||    10
 Stab: Sleeping          ||     4
Armor: Skin              ||     4
Dodge: Dodged            ||    23

Table legend: (Time is in decaauts)
 A = Elapsed time spent in this place.
 B = Non-inter-level travel time spent in this place.
 C = Inter-level travel time spent in this place.
 D = Time resting spent in this place.
 E = Time spent auto-exploring this place.
 F = Levels seen in this place.
 G = Mean time per level.
                   A        B        C        D        E       F      G
               +--------+--------+--------+--------+--------+-----+--------+
         Total |    518 |    518 |      0 |      2 |    409 |   1 |  518.0 |
       Dungeon |    518 |    518 |      0 |      2 |    409 |   1 |  518.0 |
               +--------+--------+--------+--------+--------+-----+--------+

Top non-repeatable levels by time:
     D:1: 518 daAuts
